 Dungeon Crawl Stone Soup version 0.25.1-2-g60ff931df9 (webtiles) character file.

Game seed: 1653151122378687315

4078 lorenzova the Thaumaturge (level 10, -3/50 HPs)
             Began as a Deep Elf Conjurer on Oct 13, 2020.
             Was an Elder of Vehumet.
             Killed by an exploding fulminant prism (23 damage)
             ... created by the player character
             ... on level 8 of the Dungeon.
             The game lasted 00:18:31 (9135 turns).

lorenzova the Thaumaturge (Deep Elf Conjurer)       Turns: 9135, Time: 00:18:32

Health: -3/50      AC:  6    Str:  5    XL:     10   Next: 5%
Magic:  18/27      EV: 13    Int: 24    God:    Vehumet [****..]
Gold:   442        SH:  0    Dex: 21    Spells: 8/31 levels left

rFire    . . .     SeeInvis .   n - +0 hand axe (vorpal)
rCold    . . .     Gourm    .   (no shield)
rNeg     . . .     Faith    .   x - +0 steam dragon scales
rPois    .         Spirit   .   (no helmet)
rElec    .         Reflect  .   (no cloak)
rCorr    .         Harm     .   p - +0 pair of gloves
MR       +....                  (no boots)
Stlth    +++.......             (no amulet)
HPRegen  0.16/turn              f - +6 ring of dexterity
MPRegen  0.20/turn              B - ring of stealth

@: lethally poisoned (-3 -> -5)
A: no striking features
a: Renounce Religion


You were on level 8 of the Dungeon.
You worshipped Vehumet.
Vehumet was greatly pleased with you.
You were not hungry.

You visited 2 branches of the dungeon, and saw 9 of its levels.
You also visited: Ossuary.

You collected 442 gold pieces.

Inventory:

Hand Weapons
 n - a +0 vorpal hand axe (weapon)
Armour
 a - a +0 robe
 k - a +3 leather armour
 p - a +0 pair of gloves (worn)
 x - +0 steam dragon scales (worn)
Jewellery
 f - a +6 ring of dexterity (left hand)
 w - an uncursed ring of positive energy
 B - a ring of stealth (right hand)
Wands
 y - a wand of disintegration (24)
 E - a wand of paralysis (5)
 F - a wand of acid (9)
 G - a wand of iceblast (5)
Scrolls
 g - 5 scrolls of teleportation
 o - 2 scrolls of magic mapping
 q - a scroll of immolation {unknown}
 t - 3 scrolls of remove curse
 A - a scroll of torment {unknown}
 C - a scroll of blinking {unknown}
 D - a scroll of enchant weapon {unknown}
 I - a scroll of vulnerability {unknown}
Potions
 b - 5 potions of heal wounds
 d - 5 potions of stabbing
 e - 4 potions of degeneration
 h - 3 potions of cancellation
 i - 3 potions of curing
 j - 2 potions of magic
 l - 2 potions of haste {unknown}
 m - a potion of berserk rage {unknown}
 r - a potion of resistance {unknown}
 s - a potion of invisibility {unknown}
 u - 2 potions of lignification {unknown}
 v - 2 potions of mutation {unknown}
 z - a potion of flight {unknown}
Comestibles
 c - 18 rations
 H - 2 chunks of flesh


   Skills:
 - Level 2.4 Dodging
 - Level 2.4 Stealth
 * Level 11.3 Spellcasting
 * Level 10.3 Conjurations
 + Level 5.8 Hexes
 + Level 4.8 Translocations
 * Level 5.1 Fire Magic


You had 8 spell levels left.
You knew the following spells:

 Your Spells              Type           Power        Failure   Level  Hunger
a - Magic Dart            Conj           ####         1%          1    None
b - Searing Ray           Conj           ######       1%          2    None
c - Iskenderun's Mystic   Conj/Tloc      ######..     1%          4    None
d - Fulminant Prism       Conj/Hex       ######....   1%          4    None
f - Fireball              Conj/Fire      ######....   1%          5    ####...
s - Sticky Flame          Conj/Fire      ######..     1%          4    None
x - Conjure Flame         Conj/Fire      ######..     1%          3    None

Your spell library contained the following spells:

 Spells                   Type           Power        Failure   Level  Hunger
 Airstrike                Air            ##........   13%         4    None
 Corona                   Hex            #####..      1%          1    None
 Foxfire                  Conj/Fire      ####         1%          1    None
 Confusing Touch          Hex            #####...     1%          3    None
 Dazzling Flash           Conj/Hex       ######       1%          3    None
 Ignite Poison            Fire/Tmut/Pois ###.....     1%          3    None
 Inner Flame              Hex/Fire       #####...     1%          3    None
 Mephitic Cloud           Conj/Pois/Air  ####....     1%          3    None
 Tukima's Dance           Hex            #####...     1%          3    None
 Ensorcelled Hibernation  Hex/Ice        ####..       2%          2    None
 Sting                    Tmut/Pois      ##..         4%          1    None
 Poisonous Vapours        Pois/Air       ##....       7%          2    None
 Olgreb's Toxic Radiance  Pois           ##......     13%         4    None


Dungeon Overview and Level Annotations

Branches:
Dungeon (8/15)             Temple (1/1) D:4         Ossuary (visited)
   Lair: D:8-11

Altars:
Ashenzari
Cheibriados
Dithmenos
Elyvilon
Fedhas
Gozag
Hepliaklqana
Kikubaaqudgha
Makhleb
Nemelex Xobeh
Okawaru
Qazlal
Ru
Sif Muna
Trog
Uskayaw
Vehumet
Wu Jian
Xom
Yredelemnul
Zin
The Shining One

Annotations:
D:4 1 runed translucent door, MajorAdolf's ghost, novice NaWn
D:8 2 runed translucent doors


Message History

The killer bee stings you. The killer bee closely misses you.
The killer bee stings you. The killer bee barely misses you.
The killer bee stings your fulminant prism!
The killer bee stings you.
You are poisoned.
The killer bee poisons you! The killer bee stings you!
The killer bee stings your fulminant prism but does no damage.
The killer bee stings you but does no damage.
Your fulminant prism crackles loudly.
There is an open door, spattered with blood here.
You feel sick.
Your fulminant prism explodes!
The blast of energy engulfs the killer bee!
You kill the killer bee!
Vehumet accepts your kill.
The blast of energy engulfs the killer bee!
You kill the killer bee!
Vehumet accepts your kill. The blast of energy engulfs you!!
You die...

#. ... #.....
#.... ####+##....
........#'###
........#...#
........#...# ...
.....†..@.).#....
........#†###....
####....y(.......
...'..........)..
...#.............
.. #.l...........
####.............
........########
.........#.......


You could see an iguana.

Vanquished Creatures
  Harold (D:7)
  Maggie (D:6)
  Menkaure (Ossuary)
  2 orc warriors (D:7)
  5 sky beasts
  A black bear (D:8)
  An ice beast (D:5)
  4 ogres
  2 phantoms
  2 centaurs
  5 bullfrogs
  A scorpion (D:8)
  4 killer bees (D:8)
  2 howler monkeys
  A bullfrog zombie (D:7)
  A centaur zombie (D:7)
  2 orc priests
  A gnoll shaman (D:5)
  A jelly (D:5)
  A bullfrog skeleton (D:5)
  5 orc wizards
  An iguana (D:7)
  5 worker ants
  3 mummies (Ossuary)
  11 gnolls
  8 adders
  An ooze (D:6)
  An adder zombie (D:6)
  An adder skeleton (D:4)
  3 worms (D:2)
  2 dart slugs
  6 leopard geckos
  24 orcs
  2 ball pythons
  6 giant cockroaches
  6 gnoll zombies (Ossuary)
  9 goblins
  9 hobgoblins
  4 jackals (D:1)
  2 quokkas
  7 bats
  6 frilled lizards
  5 gnoll skeletons (Ossuary)
  3 goblin skeletons (Ossuary)
  4 goblin zombies (Ossuary)
  6 hobgoblin skeletons (Ossuary)
  4 hobgoblin zombies (Ossuary)
  A jackal zombie (D:6)
  3 kobolds
  A kobold skeleton (Ossuary)
  A leopard gecko zombie (D:7)
  2 orc skeletons (Ossuary)
  5 orc zombies (Ossuary)
  A quokka zombie (D:6)
  4 rats
  5 rat skeletons (Ossuary)
  3 rat zombies (Ossuary)
209 creatures vanquished.

Vanquished Creatures (others)
  A goblin zombie (Ossuary)
  A kobold skeleton (Ossuary)
  An orc skeleton (Ossuary)
  An orc zombie (Ossuary)
  A rat skeleton (Ossuary)
  A rat zombie (Ossuary)
  2 fulminant prisms
8 creatures vanquished.

Grand Total: 217 creatures vanquished

Notes
Turn   | Place    | Note
-------+----------+-------------------------------------------
     0 | D:1      | lorenzova the Deep Elf Conjurer began the quest for the
                  | Orb.
     0 | D:1      | Reached XP level 1. HP: 10/10 MP: 6/6
    80 | D:1      | Reached XP level 2. HP: 15/15 MP: 0/8
   679 | D:1      | Reached skill level 4 in Spellcasting
   799 | D:1      | Reached skill level 5 in Conjurations
   921 | D:2      | Reached XP level 3. HP: 19/19 MP: 7/10
  1094 | D:2      | Learned a level 2 spell: Searing Ray
  1568 | D:2      | Reached XP level 4. HP: 24/24 MP: 9/12
  2089 | D:3      | Reached skill level 5 in Spellcasting
  2398 | D:3      | Found a faded altar of an unknown god.
  2582 | D:3      | Found a sparkling altar of Nemelex Xobeh.
  2827 | D:4      | Reached XP level 5. HP: 24/28 MP: 5/15
  2918 | D:4      | Found a staircase to the Ecumenical Temple.
  2927 | Temple   | Entered the Ecumenical Temple
  3024 | Temple   | Became a worshipper of Vehumet
  3249 | D:4      | Reached skill level 6 in Spellcasting
  3447 | D:4      | Reached XP level 6. HP: 32/32 MP: 12/17
  3527 | D:4      | Reached * piety under Vehumet
  3527 | D:4      | Offered knowledge of Freeze by Vehumet.
  3801 | D:4      | Reached skill level 7 in Spellcasting
  3841 | D:4      | Reached XP level 7. HP: 12/36 MP: 12/19
  4075 | D:4      | Found a runed translucent door.
  4097 | D:4      | Noticed MajorAdolf's ghost (novice NaWn)
  4301 | D:4      | Learned a level 4 spell: Iskenderun's Mystic Blast
  4306 | D:4      | Learned a level 4 spell: Fulminant Prism
  4326 | D:5      | Entered Level 5 of the Dungeon
  4423 | D:5      | Reached skill level 1 in Hexes
  4625 | D:5      | Reached skill level 8 in Spellcasting
  4625 | D:5      | Reached skill level 1 in Translocations
  4855 | D:5      | Reached XP level 8. HP: 41/41 MP: 15/22
  5249 | D:6      | Noticed Maggie
  5258 | D:6      | Killed Maggie
  5258 | D:6      | Reached skill level 9 in Spellcasting
  5426 | D:6      | Found a shimmering altar of Xom.
  6136 | D:6      | Learned a level 3 spell: Conjure Flame
  6141 | D:6      | Learned a level 4 spell: Sticky Flame
  6147 | D:6      | Learned a level 5 spell: Fireball
  6254 | D:6      | Offered knowledge of Shock by Vehumet.
  6281 | D:6      | Reached skill level 1 in Fire Magic
  6425 | D:7      | Reached ** piety under Vehumet
  6438 | D:7      | Reached skill level 10 in Spellcasting
  6449 | D:7      | Noticed Harold
  6530 | D:7      | Reached XP level 9. HP: 45/45 MP: 23/25
  6807 | D:7      | Offered knowledge of Static Discharge by Vehumet.
  6930 | D:7      | Found a sand-covered staircase.
  6938 | Ossuary  | Entered an ossuary
  7206 | Ossuary  | Reached *** piety under Vehumet
  7574 | Ossuary  | Offered knowledge of Airstrike by Vehumet.
  8077 | Ossuary  | Noticed Menkaure
  8083 | Ossuary  | Killed Menkaure
  8106 | Ossuary  | Reached **** piety under Vehumet
  8530 | D:7      | Killed Harold
  8530 | D:7      | Reached skill level 10 in Conjurations
  8530 | D:7      | Reached skill level 5 in Hexes
  8791 | D:8      | Reached skill level 11 in Spellcasting
  8924 | D:8      | Found a large runed translucent door.
  8924 | D:8      | Found a large runed translucent door.
  9129 | D:8      | Reached skill level 5 in Fire Magic
  9129 | D:8      | Reached XP level 10. HP: 50/50 MP: 23/27
  9135 | D:8      | Killed by an exploding fulminant prism

Illustrated notes

Levels and vault maps discovered:
D:1:      dpeg_arrival_stonehenge_12_columns, layout_rooms,
          minmay_misc_feat_pillars
D:2:      layout_basic, first_ration
D:3:      layout_basic, chequers_ecumenical_altar_island, nemelex_altar_shiori
D:4:      layout_rooms, temple_fountains, gammafunk_ghost_grave
D:5:      layout_basic, hangedman_abyss_or_decor_stagger
D:6:      layout_loops_cross, lemuel_crystal_altar, uniq_maggie
D:7:      layout_rooms, chequers_ossuary_entry_cave, minmay_holes, uniq_harold
D:8:      layout_gridville, ebering_ghost_disaster_area, uniq_pikel
Temple:   kilobyte_greek_temple

Skill      XL: |  1  2  3  4  5  6  7  8  9 |
---------------+----------------------------+-----
Spellcasting   | 4 5 6 7 8 10 11 | 11.3
Conjurations   | 5 6 7 8 9 10 | 10.3
Hexes          | 2 4 5 |  5.8
Translocations | 2 3 4 |  4.8
Fire Magic     | 2 5 |  5.1
Dodging        | |  2.4
Stealth        | |  2.4

Action                   |  1- 3 |  4- 6 |  7- 9 | 10-12 || total
-------------------------+-------+-------+-------+-------++-------
Melee: Unarmed           |     4 |       |       |       ||     4
       Hand axe          |       |    18 |     9 |       ||    27
 Cast: Magic Dart        |    61 |    89 |   236 |       ||   386
       Searing Ray       |     3 |    10 |    38 |     1 ||    52
       Fulminant Prism   |       |       |     2 |     1 ||     3
       Conjure Flame     |       |       |    15 |       ||    15
  Use: Scroll            |     3 |       |     7 |       ||    10
 Stab: Sleeping          |       |       |     1 |       ||     1
  Eat: Chunk             |     2 |     7 |    12 |       ||    21
       Ration            |       |       |     1 |       ||     1
Armor: Robe              |     3 |       |       |       ||     3
       Leather armour    |     2 |     6 |       |       ||     8
       Steam dragon scal |       |       |     7 |     2 ||     9
Dodge: Dodged            |     2 |    29 |    30 |     9 ||    70
